 Dungeon Crawl Stone Soup version 0.28-a0-533-g9f97627e2a (webtiles) character file.

Game seed: 2912927438359934485

5530 heikuro the Cleaver (level 10, -3/91 HPs)
             Began as a Minotaur Fighter on Sept 25, 2021.
             Was a Follower of Okawaru.
             Slain by a vampire (5 damage)
             ... on level 8 of the Dungeon.
             The game lasted 00:13:10 (8673 turns).

heikuro the Cleaver (Minotaur Fighter)              Turns: 8673, Time: 00:13:11

Health: -3/91      AC: 17    Str: 24    XL:     10   Next: 43%
Magic:  9/9        EV:  5    Int:  5    God:    Okawaru [*.....]
Gold:   436        SH:  0    Dex: 10    Spells: 9/9 levels left

rFire   . . .      SeeInvis .   a - +3 war axe
rCold   . . .      Faith    .   B - +2 tower shield
rNeg    + + .      Spirit   .   y - +1 chain mail "Opeguox" {Regen+}
rPois   +          Reflect  .   (helmet restricted)
rElec   .          Harm     .   F - +1 cloak {rPois}
rCorr   .          Rampage  .   k - +0 pair of gloves
Will    .....                   m - +0 pair of boots
Stlth   ..........              (no amulet)
HPRegen 1.25/turn               j - ring of positive energy
MPRegen 0.11/turn               b - ring of positive energy

@: confused
A: horns 2, retaliatory headbutt
a: Renounce Religion, Heroism


You were on level 8 of the Dungeon.
You worshipped Okawaru.
Okawaru was aware of your devotion.
You visited 2 branches of the dungeon, and saw 9 of its levels.

You collected 436 gold pieces.

Inventory:

Hand Weapons
 a - a +3 war axe (weapon)
Missiles
 g - 61 poisoned darts (quivered)
 q - 11 boomerangs
 E - 2 throwing nets
Armour
 k - a +0 pair of gloves (worn)
 m - a +0 pair of boots (worn)
 v - a +2 chain mail of willpower
 y - the +1 chain mail "Opeguox" (worn) {Regen+}
   (You found it on level 4 of the Dungeon)

   Regen:     It increases your rate of health regeneration.
 B - a +2 tower shield (worn)
 F - a +1 cloak of poison resistance (worn)
Jewellery
 b - a ring of positive energy (right hand)
 j - a ring of positive energy (left hand)
 r - a ring of fire
 C - a ring of flight
Wands
 f - a wand of acid (4)
 i - a wand of flame (13)
 s - a wand of paralysis (18)
 z - a wand of mindburst (11)
Scrolls
 h - 2 scrolls of identify
 l - 2 scrolls of magic mapping
 n - a scroll of vulnerability
 p - a scroll of fog
 t - 2 scrolls of immolation {unknown}
 w - a scroll of blinking {unknown}
 x - 2 scrolls of enchant armour {unknown}
 A - 2 scrolls of teleportation {unknown}
Potions
 c - a potion of berserk rage {unknown}
 d - a potion of might
 e - 5 potions of curing
 o - 2 potions of heal wounds {unknown}
 u - 3 potions of mutation {unknown}
 D - 2 potions of cancellation {unknown}
Miscellaneous
 G - a lightning rod (3/4)


   Skills:
 + Level 9.3 Fighting
 * Level 12.3 Axes
 + Level 9.3 Armour
 + Level 7.9 Shields
 + Level 1.3 Invocations
 + Level 1.2 Evocations


You had 9 spell levels left.
You didn't know any spells.
Your spell library contained the following spells:

 Spells                   Type           Power      Damage    Failure   Level
 Sublimation of Blood     Necr           0%         N/A       100%        2
 Wereblood                Tmut           0%         N/A       100%        2
 Inner Flame              Hex/Fire       0%         N/A       100%        3
 Cause Fear               Hex            0%         N/A       100%        4
 Eringya's Noxious Bog    Tmut/Pois      0%         N/A       100%        6
 Discord                  Hex            0%         N/A       100%        8
 Summon Forest            Summ/Tloc      Unusable   N/A       N/A         5
 Summon Hydra             Summ           Unusable   N/A       N/A         7

Dungeon Overview and Level Annotations

Branches:
Dungeon (8/15)             Temple (1/1) D:7
   Lair: D:8-11

Altars:
Ashenzari
Elyvilon
Fedhas
Hepliaklqana
Kikubaaqudgha
Nemelex Xobeh
Okawaru
Qazlal
Ru
Sif Muna
Uskayaw
Vehumet
Wu Jian
Xom
Yredelemnul
Zin
The Shining One

Shops:
D:4 =   D:7 *

Annotations:
D:1 digging box of goods
D:5 2 transporters, siradein's ghost, amateur DsHu
D:8 3 runed translucent doors


Innate Abilities, Weirdness & Mutations

You have a pair of horns on your head.
You reflexively headbutt those who attack you in melee.


Message History

Deactivating autopickup; reactivate with Ctrl-A.
You bump into the rock wall.
Something draws life force from you.
You bump into the rock wall.
Something draws life force from you.
You bump into the rock wall.
You feel less confused. Something completely misses you. Something bites you!
You barely miss something. You headbutt something.
Something hits you but does no damage. Something bites you.
You hit something. You block something's attack. Something bites you.
Something hits you! Something burns you.
* * * LOW HITPOINT WARNING * * *
Something bites you!
* * * LOW HITPOINT WARNING * * *
You hear some strange, mumbled words.
Something tries to affect you, but you resist.
There is an open door here.
You are confused.
Something hits you!
* * * LOW HITPOINT WARNING * * *
Something burns you.
* * * LOW HITPOINT WARNING * * *
Something bites you but does no damage. Something hits you!
* * * LOW HITPOINT WARNING * * *
Something burns you.
* * * LOW HITPOINT WARNING * * *
Something bites you but does no damage.
You hear some strange, mumbled words.
You are more confused.
You hear some strange, mumbled words.
Something tries to affect you, but you resist.
You bump into the rock wall.
You bump into the rock wall.
Something draws life force from you.
* * * LOW HITPOINT WARNING * * *
You bump into the rock wall.
Something hits you!
* * * LOW HITPOINT WARNING * * *
Something burns you.
* * * LOW HITPOINT WARNING * * *
Something bites you.
You die...

#... ###. ## #########
****####.......##########
*,<,...'.......'.........
****####.......##########
#@{.....# #.......#
#########


There were no monsters in sight!

Vanquished Creatures
  A centaur warrior (D:8)
  A death knight (D:8)
  A cyclops (D:6)
  A troll (D:8)
  Grinder (D:5)
  A wraith (D:5)
  A steam dragon (D:8)
  A vampire mosquito (D:8)
  Edmund (D:4)
  An acid dragon (D:8)
  A water moccasin (D:8)
  Duvessa (D:4)
  2 ice beasts
  2 black bears
  2 sky beasts
  An ogre (D:6)
  3 centaurs
  A kobold brigand (D:8)
  Blork the orc (D:4)
  4 scorpions
  Dowan (D:4)
  9 killer bees (D:8)
  5 wights (D:6)
  2 howler monkeys
  A jelly (D:6)
  4 hounds
  2 orc priests
  Natasha (thrice) (D:4)
  4 iguanas
  4 orc wizards
  A hound zombie (D:5)
  4 gnolls (D:7)
  5 adders
  A shadow imp (D:5)
  A white imp (D:6)
  A worm (D:2)
  4 dart slugs
  10 orcs
  7 endoplasms
  3 giant cockroaches
  7 goblins
  7 hobgoblins
  6 jackals (D:1)
  12 kobolds
  A quokka (D:2)
  8 ball pythons
  9 bats
  2 frilled lizards
  6 rats
158 creatures vanquished.

Vanquished Creatures (others)
  16 plants
16 creatures vanquished.

Grand Total: 174 creatures vanquished

Notes
Turn   | Place    | Note
-------+----------+-------------------------------------------
     0 | D:1      | heikuro the Minotaur Fighter began the quest for the Orb.
     0 | D:1      | Reached XP level 1. HP: 19/19 MP: 0/0
   122 | D:1      | Reached XP level 2. HP: 27/27 MP: 1/1
   165 | D:1      | Found a faded altar of an unknown god.
   173 | D:1      | Reached skill level 3 in Axes
   258 | D:1      | Reached XP level 3. HP: 25/33 MP: 2/2
  1220 | D:2      | Reached skill level 4 in Axes
  1220 | D:2      | Reached XP level 4. HP: 35/40 MP: 3/3
  1537 | D:3      | Noticed a centaur
  1548 | D:3      | Killed a centaur
  1549 | D:3      | Reached XP level 5. HP: 24/47 MP: 4/4
  2393 | D:4      | Noticed a black bear
  2406 | D:4      | Killed a black bear
  2407 | D:4      | Reached skill level 5 in Fighting
  2407 | D:4      | Reached skill level 5 in Axes
  2407 | D:4      | Reached skill level 5 in Armour
  2614 | D:4      | Reached XP level 6. HP: 56/56 MP: 5/5
  2803 | D:4      | Noticed Natasha
  2808 | D:4      | Killed Natasha
  2872 | D:4      | Noticed Duvessa
  2872 | D:4      | Noticed Dowan
  2998 | D:4      | Noticed Edmund
  3017 | D:4      | Killed Edmund
  3018 | D:4      | Reached skill level 6 in Axes
  3179 | D:4      | Killed Duvessa
  3180 | D:4      | Reached XP level 7. HP: 37/61 MP: 6/6
  3182 | D:4      | Killed Dowan
  3183 | D:4      | Reached skill level 7 in Axes
  3302 | D:4      | Noticed Natasha
  3308 | D:4      | Killed Natasha
  3454 | D:4      | Found Acism's Jewellery Shop.
  3534 | D:4      | Identified the +1 chain mail "Opeguox" {Regen+}
  3763 | D:4      | Found Acism's Jewellery Shop.
  3994 | D:4      | Noticed Natasha
  4002 | D:4      | Killed Natasha
  4356 | D:5      | Entered Level 5 of the Dungeon
  4407 | D:5      | Found a transporter.
  4439 | D:5      | Noticed siradein's ghost (amateur DsHu)
  4453 | D:5      | Found a transporter.
  4484 | D:5      | Noticed Grinder
  4492 | D:5      | Killed Grinder
  4493 | D:5      | Reached skill level 8 in Axes
  4493 | D:5      | Reached XP level 8. HP: 71/71 MP: 7/7
  4670 | D:5      | Noticed Blork the orc
  4703 | D:4      | Killed Blork the orc
  4704 | D:4      | Reached skill level 9 in Axes
  4704 | D:4      | Reached skill level 5 in Shields
  4979 | D:6      | Noticed a cyclops
  4988 | D:6      | Killed a cyclops
  5097 | D:6      | Reached XP level 9. HP: 68/79 MP: 8/8
  5140 | D:6      | Reached skill level 10 in Axes
  6099 | D:7      | Found a staircase to the Ecumenical Temple.
  6142 | D:7      | Found Zin's Purification Station.
  6150 | D:7      | Found a glowing silver altar of Zin.
  6167 | D:7      | Found a blossoming altar of Fedhas.
  6753 | D:8      | Reached skill level 11 in Axes
  7028 | D:8      | Found a runed translucent door.
  7029 | D:8      | Noticed a manticore
  7029 | D:8      | Noticed a cyclops
  7030 | D:8      | Noticed a centaur warrior
  7030 | D:8      | Noticed a boulder beetle
  7031 | D:8      | Found a runed translucent door.
  7031 | D:8      | Found a runed translucent door.
  7245 | D:8      | Reached XP level 10. HP: 88/90 MP: 9/9
  7264 | D:8      | Noticed a centaur warrior
  7270 | D:8      | Noticed a death knight
  7276 | D:8      | Killed a centaur warrior
  7306 | D:8      | Reached skill level 12 in Axes
  7507 | Temple   | Entered the Ecumenical Temple
  7521 | Temple   | Became a worshipper of Warmaster Okawaru
  7989 | D:8      | Killed a death knight
  7989 | D:8      | Reached * piety under Okawaru
  7990 | D:8      | Reached skill level 1 in Invocations
  7990 | D:8      | Reached skill level 1 in Evocations
  8614 | D:8      | Identified the ring "Rilusod" {Fly rElec rF+ SInv}
  8673 | D:8      | HP: 4/91 [something (11)]
  8673 | D:8      | Slain by a vampire

Illustrated notes

Levels and vault maps discovered:
D:1:      dpeg_arrival_ternary, layout_loops_ring,
          hellmonk_ecumenical_altar_lost_god, hex_medium, due_unseen_surprise
D:2:      layout_rooms, serial_bayou_pond_b,
          hangedman_abyss_or_decor_lesser_grid
D:3:      layout_basic, minmay_box_of_dots
D:4:      layout_loops_ring, serial_shops, nicolae_shop_waterfront,
          serial_bayou_lagoon_a, grunt_decor_cap, kennysheep_generic_room_3,
          uniq_duvessa, uniq_edmund, uniq_natasha
D:5:      layout_rooms, gammafunk_ghost_stat_death, uniq_grinder,
          uniq_blork_the_orc
D:6:      layout_layer_cave
D:7:      layout_basic, zin_purify, mainiacjoe_overflow_boulevard,
          minmay_temple_entry_crystal_x, minmay_misc_feat_cross
D:8:      minmay_the_grid_four_pointed_star
          [minmay_the_grid_triangle_9x9_longest,
          minmay_the_grid_triangle_9x9_minimal,
          minmay_the_grid_triangle_9x9_fully_insulated_deathbox,
          minmay_the_grid_triangle_9x9_flanged_cone,
          minmay_the_grid_prize_four_corners_diamond_b], layout_basic,
          minmay_stone_trees_medium
Temple:   nicolae_temple_no_exploring_needed

Skill      XL: |  1  2  3  4  5  6  7  8  9 10 |
---------------+-------------------------------+-----
Axes           | 3 4 5 6 8 9 11 12 | 12.3
Shields        | 4 5 7 |  7.9
Fighting       | 4 5 6 7 8 9 |  9.3
Armour         | 4 5 6 7 8 9 |  9.3
Invocations    | 1 |  1.3
Evocations     | 1 |  1.2

Action                   |  1- 3 |  4- 6 |  7- 9 | 10-12 || total
-------------------------+-------+-------+-------+-------++-------
Melee: War axe           |    81 |    77 |   267 |    32 ||   457
       Headbutt          |    14 |    12 |    50 |    10 ||    86
Throw: Dart              |     1 |    12 |     8 |       ||    21
Evoke: Wand              |       |       |     2 |     5 ||     7
       Lightning rod     |       |       |       |     1 ||     1
  Use: Potion            |       |     1 |       |     1 ||     2
       Scroll            |       |       |     1 |     4 ||     5
 Stab: Paralysed         |       |       |     3 |       ||     3
Armor: Scale mail        |    47 |    40 |       |       ||    87
       Chain mail        |       |       |   168 |    31 ||   199
Dodge: Dodged            |    42 |    29 |    67 |     8 ||   146
Block: Buckler           |    21 |     9 |     6 |       ||    36
       Tower shield      |       |       |   238 |    41 ||   279

Table legend: (Time is in decaauts)
 A = Elapsed time spent in this place.
 B = Non-inter-level travel time spent in this place.
 C = Inter-level travel time spent in this place.
 D = Time resting spent in this place.
 E = Time spent auto-exploring this place.
 F = Levels seen in this place.
 G = Mean time per level.
                   A        B        C        D        E       F      G
               +--------+--------+--------+--------+--------+-----+--------+
         Total |   8855 |   8425 |    430 |    752 |   5920 |   9 |  983.9 |
       Dungeon |   8832 |   8409 |    423 |    752 |   5920 |   8 | 1104.0 |
        Temple |     22 |     16 |      6 |      0 |      0 |   1 |   22.0 |
               +--------+--------+--------+--------+--------+-----+--------+

Top non-repeatable levels by time:
     D:8: 2075 daAuts
     D:4: 2034 daAuts
     D:6: 1188 daAuts
     D:3: 938 daAuts
     D:1: 834 daAuts
     D:2: 702 daAuts
     D:7: 536 daAuts
     D:5: 522 daAuts
  Temple: 22 daAuts
